AoeStats
← Genghis_AoE

Arabian Desert

509056982Analyzed
1v1 RM · 8d ago on Sep 25, 2026· 39m 7s· 2 players
Game mode
Random Map
Map size
Tiny (2 player)
Population
200
Speed
Normal
Resources
Standard
Victory
Conquest
Starting age
Dark Age
Ending age
Imperial Age
RankedLock teamsTeams togetherTeam positionsShared explorationLock speedFull tech treeHidden civsTurbo modeCheats
Victory
Defeat
🇩🇪 Teutons · Germany
1469
+15
🇸🇰 Bohemians · Slovakia
1444
-15
Genghis_AoE
5:57 Loom
8:52 Feudal Age
9:49 Double-Bit Axe
15:47 Fletching
19:16 Padded Archer Armor
19:27 Horse Collar
23:49 Castle Age
24:07 Scale Barding Armor
24:05 Scale Mail Armor
24:01 Crossbowman
24:38 Bodkin Arrow
24:39 Pikeman
26:11 Ballistics
28:16 Chemistry
29:29 Wheelbarrow
28:40 Town Watch
29:12 Squires
29:42 Forging
31:25 Leather Archer Armor
32:38 Sanctity
33:38 Redemption
PuffyCarrot
6:30 Loom
9:54 Feudal Age
10:58 Double-Bit Axe
16:51 Gold Mining
18:15 Wheelbarrow
17:25 Town Watch
19:11 Scale Barding Armor
21:43 Horse Collar
24:30 Castle Age
25:10 Bloodlines
25:49 Chain Barding Armor
29:16 Heavy Plow
30:41 Gold Mining
32:31 Forging
39:26 Iron Casting
Connection lost

Rejoining the realm…

Still unreachable

The connection could not be restored.

Session expired

The server has moved on; the page needs a fresh start.